 Dungeon Crawl Stone Soup version 0.24.0-123-gd5b16e6ec5 (webtiles) character file.

Game seed: 18369953159433698659, levelgen mode: deterministic

49 Peloso the Shield-Bearer (level 3, 33/33 HPs)
             Began as a Minotaur Fighter on Jan 25, 2020.
             Got out of the dungeon alive.
             The game lasted 00:03:05 (932 turns).

Peloso the Shield-Bearer (Minotaur Fighter)          Turns: 932, Time: 00:03:06

Health: 33/33      AC:  8    Str: 17 (20) XL:     3   Next: 51%
Magic:  2/2        EV:  7    Int:  4 (7)  God:
Gold:   62         SH:  9    Dex:  7 (10) Spells: 2/2 levels left

rFire    . . .     SeeInvis .   a - +0 long sword
rCold    . . .     Gourm    .   c - +0 shield
rNeg     . . .     Faith    .   b - +0 scale mail
rPois    .         Spirit   .   (helmet unavailable)
rElec    .         Reflect  .   (no cloak)
rCorr    .         Harm     .   (no gloves)
MR       .....                  o - +0 pair of boots
Stlth    ..........             (no amulet)
HPRegen  0.11/turn              (no ring)
MPRegen  0.08/turn              (no ring)

@: no status effects
A: retaliatory headbutt, horns 3, clever 1, wild magic 1
a: no special abilities


You escaped.
You were not hungry.

You visited 1 branch of the dungeon, and saw 2 of its levels.

You collected 62 gold pieces.

Inventory:

Hand Weapons
 a - a +0 long sword (weapon)
Armour
 b - a +0 scale mail (worn)
 c - a +0 shield (worn)
 o - a +0 pair of boots (worn)
Scrolls
 g - 4 scrolls of fear {unknown}
 i - 2 scrolls of remove curse {unknown}
Potions
 d - a potion of might
 e - a potion of invisibility
Comestibles
 f - 2 rations


   Skills:
 + Level 4.0 Fighting
 + Level 3.0 Long Blades
 + Level 4.0 Armour
 + Level 1.1 Dodging
 + Level 4.3 Shields


You had 2 spell levels left.
You didn't know any spells.
Your spell library was empty.

Dungeon Overview and Level Annotations

Branches:
Dungeon (2/15)

Altars:


Innate Abilities, Weirdness & Mutations

You reflexively headbutt those who attack you in melee.
You have a pair of large horns on your head.
Your mind is acute. (Int +2)
Your spells are a little harder to cast, but a little more powerful.


Message History

You flicker back into view.
You start waiting.
You feel less wooden.
Your +0 pair of boots unmelds from your body.
Your +0 scale mail unmelds from your body.
You start waiting.
You feel a little less clever now.
You start waiting.
Your magical contamination has completely faded away.
(D) Dungeon
Where to? (? - help)
What level of the Dungeon? (default 1, ? - help)
There is a stone staircase leading up here.
You climb upwards.
There is a stone staircase leading down here.
There is a staircase leading out of the dungeon here.
Are you sure you want to leave the Dungeon?
This will make you lose the game!
Alright, then stay!
Are you sure you want to leave the Dungeon?
This will make you lose the game!
You have escaped!

######## ###...##########.###
##.##..#### #...#####..#......
#.)#......#######.....#######.
#.....#..##............## #.
#.####......≈≈≈......#..## #.
####......≈≈.≈≈≈≈...###..## #.
##..#...≈≈≈≈≈.≈≈≈≈≈...##..###.
#.##...≈≈≈≈≈...≈≈≈≈≈.##.......
######.##..≈≈≈..@..≈≈≈...##...###
#..##.##..≈≈≈≈≈...≈≈≈≈....###.#
.##...#..≈≈..≈≈≈.≈≈≈≈......##.#
##...##......≈≈≈≈.≈....≈≈≈..#.#
†....#....##..≈≈≈.....≈≈≈...#.#
##.#.###..#...........≈....##.#
.#.####..#.#.###)###.....####)#
#..#†...###### #...##.#### #.#
##.######## ########### #.#


There were no monsters in sight!

Vanquished Creatures
  An adder (D:2)
  4 leopard geckos (D:1)
  2 ball pythons
  6 bats (D:1)
  3 giant cockroaches
  5 goblins
  3 hobgoblins (D:1)
  2 kobolds
  7 rats
33 creatures vanquished.

Notes
Turn   | Place    | Note
-------+----------+-------------------------------------------
     0 | D:1      | Peloso the Minotaur Fighter began the quest for the Orb.
     0 | D:1      | Reached XP level 1. HP: 19/19 MP: 0/0
   142 | D:1      | Reached XP level 2. HP: 14/27 MP: 1/1
   383 | D:1      | Reached skill level 1 in Dodging
   420 | D:1      | Reached XP level 3. HP: 33/33 MP: 2/2
   757 | D:2      | Gained mutation: Your spells are a little harder to cast,
                  | but a little more powerful. [potion of mutation]
   757 | D:2      | Gained mutation: Your mind is acute. (Int +2) [potion of
                  | mutation]
   757 | D:2      | Gained mutation: You have a pair of large horns on your
                  | head. [potion of mutation]
   932 | D:$      | Got out of the dungeon alive.

Levels and vault maps discovered:
D:1:      dpeg_arrival_subterranean_lakeside_camping, layout_loops_ring
D:2:      layout_rooms, first_ration

Skill      XL: |  1  2  3 |
---------------+----------+-----
Shields        | 4 |  4.3
Dodging        | 1 |  1.1
Long Blades    | 3 |  3.0
Fighting       | 4 |  4.0
Armour         | 4 |  4.0

Action                   || total
-------------------------++-------
Melee: Long sword        ||    75
       Headbutt          ||     8
  Use: Potion            ||     7
Armor: Scale mail        ||    69
Dodge: Dodged            ||    30
Block: Shield            ||    54
       Rpst.: Long sword ||     7
